 Dungeon Crawl Stone Soup version 0.24.0-2-g5b39cebb1c (webtiles) character file.

Game seed: 1851617653403215960, levelgen mode: deterministic

3543 Mrkan the Grappler (level 9, -5/89 HPs)
             Began as a Troll Necromancer on Oct 30, 2019.
             Was a Believer of Kikubaaqudgha.
             Slain by Harold
             ... wielding a +0 dire flail
              (23 damage)
             ... on level 9 of the Dungeon on Oct 31, 2019.
             The game lasted 00:14:10 (7183 turns).

Mrkan the Grappler (Troll Necromancer)              Turns: 7183, Time: 00:14:11

Health: -5/89      AC:  6    Str: 18    XL:     9   Next: 82%
Magic:  9/9        EV: 10    Int: 14    God:    Kikubaaqudgha [**....]
Gold:   451        SH:  0    Dex: 10    Spells: 8/10 levels left

rFire    + . .     SeeInvis .     - Unarmed
rCold    + . .     Gourm    +   (no shield)
rNeg     . . .     Faith    .   a - +0 robe
rPois    .         Spirit   .   J - +0 hat {MR+}
rElec    .         Reflect  .   j - scarf {rC+ rF+}
rCorr    .         Harm     .   (gloves unavailable)
MR       +....                  (boots unavailable)
Stlth    +.........             (no amulet)
HPRegen  0.64/turn              (no ring)
MPRegen  0.11/turn              (no ring)

@: no status effects
A: large, unfitting armour, claws 3, fast metabolism 3, gourmand, regeneration
1, shaggy fur 1, tough skin 3
a: Receive Corpses, Renounce Religion


You were on level 9 of the Dungeon.
You worshipped Kikubaaqudgha.
Kikubaaqudgha was pleased with you.
You were completely stuffed.

You visited 2 branches of the dungeon, and saw 10 of its levels.
You also visited: Ossuary.

You collected 451 gold pieces.

Inventory:

Missiles
 I - 5 large rocks (quivered)
Armour
 a - a +0 robe (worn)
 j - a scarf of resistance (worn)
 J - a +0 hat of magic resistance (worn)
 K - a scarf of spirit shield
Jewellery
 e - an uncursed ring of flight {unknown}
 y - a +4 ring of strength {unknown}
 z - a cursed -6 ring of protection {unknown}
 E - a +5 amulet of reflection {unknown}
 M - an uncursed ring of ice {unknown}
Wands
 r - a wand of acid (13)
 D - a wand of flame (16)
 F - a wand of polymorph (4)
 H - a wand of random effects (37)
Scrolls
 b - 7 scrolls of identify
 d - 5 scrolls of amnesia {unknown}
 f - 8 scrolls of remove curse {unknown}
 h - 2 scrolls of fog {unknown}
 i - 2 scrolls of enchant weapon {unknown}
 m - 6 scrolls of teleportation
 o - 3 scrolls of blinking {unknown}
 q - a scroll of enchant armour {unknown}
 u - a scroll of noise {unknown}
 A - a scroll of random uselessness {unknown}
 B - a scroll of fear {unknown}
Potions
 g - a potion of invisibility {unknown}
 k - 2 potions of heal wounds
 l - a potion of degeneration {unknown}
 n - 3 potions of cancellation {unknown}
 p - a potion of flight {unknown}
 s - a potion of haste {unknown}
 t - a potion of might {unknown}
 v - 4 potions of curing {unknown}
 w - a potion of lignification {unknown}
 x - a potion of berserk rage {unknown}
 C - 2 potions of brilliance {unknown}
 G - a potion of mutation {unknown}
Comestibles
 c - 17 rations


   Skills:
 + Level 5.9 Fighting
 - Level 1.5 Dodging
 - Level 1.0 Stealth
 * Level 10.1 Unarmed Combat
 - Level 1.2 Spellcasting
 + Level 6.4 Necromancy


You had 8 spell levels left.
You knew the following spells:

 Your Spells              Type           Power        Failure   Level  Hunger
a - Pain                  Necr           ###.         1%          1    ##.....
b - Animate Skeleton      Necr           N/A          1%          1    ##.....

Your spell library contained the following spells:

 Spells                   Type           Power        Failure   Level  Hunger
 Corpse Rot               Necr           N/A          2%          2    ###....
 Sublimation of Blood     Necr           ###.......   2%          2    ###....
 Vampiric Draining        Necr           ###.......   5%          3    ####...
 Animate Dead             Necr           N/A          19%         4    #####..
 Regeneration             Chrm/Necr      #.........   21%         3    ####...
 Confusing Touch          Hex            #.....       26%         1    ##.....
 Sting                    Conj/Pois      #...         26%         1    ##.....
 Poisonous Vapours        Pois/Air       #.....       36%         2    ###....
 Confuse                  Hex            #.......     61%         3    ####...
 Gell's Gravitas          Tloc           #.........   61%         3    ####...
 Mephitic Cloud           Conj/Pois/Air  #.......     61%         3    ####...
 Olgreb's Toxic Radiance  Pois           #.......     95%         4    #####..
 Petrify                  Tmut/Erth      #.......     95%         4    #####..
 Metabolic Englaciation   Hex/Ice        #.........   100%        5    ######.
 Venom Bolt               Conj/Pois      #.........   100%        5    ######.
 Yara's Violent Unravell  Hex/Tmut       #.........   100%        5    ######.


Dungeon Overview and Level Annotations

Branches:
Dungeon (9/15)             Temple (1/1) D:7             Orc (0/2) D:9
Ossuary (visited)
   Lair: D:8-11

Altars:
Elyvilon
Hepliaklqana
Kikubaaqudgha
Makhleb
Nemelex Xobeh
Okawaru
Trog
Uskayaw
Vehumet
Wu Jian
Yredelemnul
The Shining One

Shops:
D:8 !   D:9 ?

Annotations:
D:9 Harold


Innate Abilities, Weirdness & Mutations

You are too large for most types of armour.
You have claws for hands.
Your metabolism is lightning-fast.
You like to eat raw meat.
Your natural rate of healing is unusually fast.
You are covered in fur. (AC +1)
You have extremely tough skin. (AC +3)


Message History

Harold is lightly wounded.
Harold hits you but does no damage.
You completely miss Harold.
Harold is lightly wounded.
Harold closely misses you.
You scratch Harold.
Harold is moderately wounded.
You claw Harold!
Harold is heavily wounded.
Harold hits you with a +0 dire flail!
* * * LOW HITPOINT WARNING * * *
You barely miss Harold.
Harold is heavily wounded.
Harold gestures at you while chanting.
You barely resist. You mangle Harold!!
Harold is severely wounded.
Harold hits you with a +0 dire flail!!
You die...
Kikubaaqudgha rasps: "You have failed me!
Welcome... death!"

#.#..∩## ..
#.##.>.......
#
#.###########
#.# #.# #.#
##### ## #.#
##...## ..
#.####.....#.#
#.........@@H#
######(....###
##...## #####


You could see Harold and a hippogriff.

Vanquished Creatures
  A cyclops (D:7)
  Grinder (D:6)
  Eustachio (D:6)
  A water moccasin (D:7)
  An orc warrior (D:7)
  A sky beast (D:8)
  An ice beast (D:6)
  A phantom (D:7)
  3 ogres
  2 centaurs
  Blork the orc (D:6)
  4 bullfrogs
  4 water moccasin zombies (Ossuary)
  4 killer bees (D:8)
  4 wights (D:7)
  4 crimson imps
  A centaur zombie (D:7)
  2 bullfrog zombies (D:8)
  A jelly (D:6)
  3 hounds
  2 orc priests (D:4)
  A bullfrog skeleton (D:5)
  An iguana (D:7)
  7 worker ants
  8 big kobold zombies (Ossuary)
  A hound zombie (D:7)
  2 mummies (Ossuary)
  A worker ant zombie (D:8)
  4 adders
  3 gnolls (D:8)
  An ooze (D:4)
  2 adder skeletons
  4 adder zombies (Ossuary)
  3 worms
  A dart slug (D:1)
  5 leopard geckos
  22 orcs
  3 ball pythons
  3 bats
  2 giant cockroaches
  3 gnoll zombies (Ossuary)
  7 goblins
  4 hobgoblins
  4 jackals
  3 quokkas
  6 frilled lizards
  6 hobgoblin zombies
  A jackal zombie (D:6)
  3 kobolds
  5 kobold zombies
  A leopard gecko skeleton (D:5)
  3 orc zombies (Ossuary)
  A quokka zombie (D:5)
  7 rats
  A spectral orc (D:3)
  A bush (D:1)
173 creatures vanquished.

Vanquished Creatures (collateral kills)
  A centaur (D:5)
  An iguana (D:5)
  A mummy (D:5)
  A leopard gecko (D:8)
  A jackal zombie (D:5)
5 creatures vanquished.

Grand Total: 178 creatures vanquished

Notes
Turn   | Place    | Note
-------+----------+-------------------------------------------
     0 | D:1      | Mrkan the Troll Necromancer began the quest for the Orb.
     0 | D:1      | Reached XP level 1. HP: 16/16 MP: 1/1
     2 | D:1      | Learned a level 1 spell: Animate Skeleton
    82 | D:1      | Reached skill level 1 in Unarmed Combat
   156 | D:1      | Reached XP level 2. HP: 26/26 MP: 2/2
  1492 | D:2      | Reached XP level 3. HP: 32/32 MP: 3/3
  1760 | D:3      | Reached skill level 1 in Fighting
  1760 | D:3      | Reached skill level 2 in Unarmed Combat
  1973 | D:3      | Found a white marble altar of Elyvilon.
  2026 | D:3      | Found an ornate altar of the Wu Jian Council.
  2400 | D:3      | Found a basalt altar of Yredelemnul.
  2484 | D:4      | Reached XP level 4. HP: 33/41 MP: 4/4
  2511 | D:4      | Reached skill level 3 in Unarmed Combat
  2651 | D:4      | Found a hide-covered altar of Uskayaw.
  2934 | D:4      | Found a burning altar of Makhleb.
  2936 | D:4      | Noticed a cacodemon
  2938 | D:4      | Reached XP level 5. HP: 49/49 MP: 5/5
  2967 | D:4      | Found a glowing golden altar of the Shining One.
  3428 | D:5      | Entered Level 5 of the Dungeon
  3446 | D:5      | Noticed an ogre
  3469 | D:5      | Killed an ogre
  3469 | D:5      | Reached skill level 4 in Unarmed Combat
  3469 | D:5      | Reached XP level 6. HP: 21/57 MP: 6/6
  3557 | D:5      | Found a bloodstained altar of Trog.
  3626 | D:5      | Found a sand-covered staircase.
  3633 | Ossuary  | Entered an ossuary
  3737 | Ossuary  | Reached skill level 5 in Unarmed Combat
  3737 | Ossuary  | Reached XP level 7. HP: 66/66 MP: 7/7
  3953 | Ossuary  | Reached skill level 6 in Unarmed Combat
  4150 | D:5      | Found a sparkling altar of Nemelex Xobeh.
  4528 | D:5      | You fall into a shaft and drop 3 floors!
  4533 | D:8      | Reached skill level 5 in Necromancy
  4554 | D:7      | Found a staircase to the Ecumenical Temple.
  4563 | Temple   | Entered the Ecumenical Temple
  4605 | Temple   | Became a worshipper of Kikubaaqudgha
  4656 | D:7      | Reached XP level 8. HP: 70/76 MP: 8/8
  4735 | D:6      | Noticed Grinder
  4741 | D:6      | Killed Grinder
  4817 | D:6      | Reached skill level 7 in Unarmed Combat
  5022 | D:6      | Found a radiant altar of Vehumet.
  5209 | D:6      | Noticed Blork the orc
  5215 | D:6      | Killed Blork the orc
  5388 | D:6      | Noticed Eustachio
  5408 | D:6      | Killed Eustachio
  5408 | D:6      | Reached skill level 8 in Unarmed Combat
  5561 | D:7      | Reached XP level 9. HP: 82/85 MP: 9/9
  5672 | D:7      | Reached * piety under Kikubaaqudgha
  5672 | D:7      | Identified Kikubaaqudgha's Papyrus of Stolen Souls
                  | (Kikubaaqudgha gifted it to you on level 7 of the Dungeon)
  5672 | D:7      | Received a gift from Kikubaaqudgha
  5762 | D:7      | Noticed a cyclops
  5775 | D:7      | Killed a cyclops
  5775 | D:7      | Reached skill level 5 in Fighting
  5775 | D:7      | Reached skill level 9 in Unarmed Combat
  6473 | D:8      | Found Bayfirch's Distillery.
  6763 | D:8      | Reached ** piety under Kikubaaqudgha
  6888 | D:8      | Reached skill level 10 in Unarmed Combat
  6922 | D:8      | Found the +3 Elemental Staff {rElec rF++ rC++ MR++ AC+5}
  6925 | D:8      | Found an iron altar of Okawaru.
  7112 | D:9      | Found a staircase to the Orcish Mines.
  7112 | D:9      | Found Popurgh's Magic Scroll Boutique.
  7164 | D:9      | Noticed Harold
  7183 | D:9      | Slain by Harold

Levels and vault maps discovered:
D:1:      ncdulo_lavacross, layout_loops_ring, serial_forest,
          infiniplex_forest_diagonal, infiniplex_forest_end_double,
          infiniplex_forest_clump_long, infiniplex_forest_lined_room_2,
          infiniplex_forest_straight_3, infiniplex_forest_lined_corner,
          hangedman_abyss_or_decor_stabs, minmay_split_cup_large
D:2:      layout_loops_ring, serial_forest, infiniplex_forest_straight_2,
          infiniplex_forest_clump_small, infiniplex_forest_lined_room_3,
          infiniplex_forest_clump_small, infiniplex_forest_corner_1
D:3:      layout_loops_cross, overflow_temple_1_default,
          lemuel_coloured_pillars_altar, yredelemnul_forgotten_temple_becter,
          ebering_dispersal_statue_hall
D:4:      layout_basic, lemuel_round_altar, kennysheep_mini_moat,
          makhleb_altar_promises_db
D:5:      layout_loops_ring, lemuel_crystal_altar, first_ration,
          nicolae_ossuary_entry_giza, nemelex_spade_bored_becter
D:6:      layout_loops_ring, vehumet_altar_wand_db, uniq_grinder,
          uniq_blork_the_orc, uniq_eustachio
D:7:      layout_rooms, minmay_temple_entry_mist
D:8:      layout_loops_cross, okawaru_ov_weapons_minmay, serial_shops,
          nicolae_shop_temple_entry_statues_fountains
D:9:      layout_loops_ring, overflow_temple_1_default, orc_0_dummy,
          serial_shops, shop, blue_anna_alchemist [blue_anna_fruit_fields,
          blue_anna_fruit_fields], uniq_harold
Temple:   hc_temple_tempest_star

Skill      XL: |  1  2  3  4  5  6  7  8  9 |
---------------+----------------------------+-----
Unarmed Combat | 1 2 3 4 5 6 8 10 | 10.1
Fighting       | 1 2 3 4 5 |  5.9
Necromancy     | 4 5 6 |  6.4
Dodging        | |  1.5
Stealth        | |  1.0
Spellcasting   | |  1.2

Action                   |  1- 3 |  4- 6 |  7- 9 || total
-------------------------+-------+-------+-------++-------
Melee: Unarmed           |   221 |   124 |   398 ||   743
       Punch             |       |       |     9 ||     9
 Cast: Animate Skeleton  |     1 |     3 |     5 ||     9
  Use: Scroll            |       |       |     2 ||     2
       Potion            |       |       |     1 ||     1
 Stab: Sleeping          |     2 |     2 |     4 ||     8
  Eat: Chunk             |    26 |    14 |    32 ||    72
Armor: Robe              |    60 |    32 |   106 ||   198
Dodge: Dodged            |    86 |    48 |   173 ||   307
